 Dungeon Crawl Stone Soup version 0.30-a0-170-g85af917532 (webtiles) character file.

Game seed: 1490203114503099567

174 gelatine the Ducker (level 5, 0/39 HPs)
             Began as a Demonspawn Gladiator on Oct 1, 2022.
             Slain by an iguana (9 damage)
             ... on level 4 of the Dungeon.
             The game lasted 00:06:07 (3397 turns).

gelatine the Ducker (Demonspawn Gladiator)          Turns: 3397, Time: 00:06:08

Health: 0/39       AC:  5    Str: 13 (16) XL:     5   Next: 28%
Magic:  5/5        EV: 12    Int:  8 (10) God:
Gold:   131        SH:  4    Dex: 11 (14) Spells: 4/4 levels left

rFire   . . .      SeeInvis .    d - +6 club
rCold   . . .      Faith    .    (no shield)
rNeg    . . .      Spirit   .    p - +1 leather armour "Jizunat" {Will++ rCorr}
rPois   .          Reflect  .    c - +0 helmet
rElec   .          Harm     .    (no cloak)
rCorr   +          Rampage  .    (no gloves)
Will    ++...                    (no boots)
Stlth   +.........               (no amulet)
HPRegen 0.13/turn                (no ring)
MPRegen 0.09/turn                (no ring)

@: no status effects
A: condensation shield
a: no special abilities


You were on level 4 of the Dungeon.
You visited 1 branch of the dungeon, and saw 4 of its levels.

You collected 131 gold pieces.

Inventory:

Hand Weapons
 a - a +0 war axe
 d - a +6 club (weapon)
 i - a +2 mace of protection
Missiles
 e - a javelin (quivered)
 o - 6 poisoned darts
 r - 9 boomerangs
Armour
 c - a +0 helmet (worn)
 g - a +0 chain mail
 p - the +1 leather armour "Jizunat" (worn) {Will++ rCorr}
   (You found it on level 2 of the Dungeon)

   rCorr:     It protects you from acid and corrosion.
   Will:      It greatly increases your willpower.
 u - a +0 scale mail
Magical Staves
 s - a staff of death
Wands
 t - a wand of digging (4)
 y - a wand of paralysis (10)
Scrolls
 f - a scroll of identify {unknown}
 j - a scroll of vulnerability {unknown}
 l - a scroll of teleportation
 m - a scroll of poison {unknown}
 q - a scroll of fog {unknown}
 v - a scroll of blinking {unknown}
 w - a scroll of amnesia
 x - a scroll of torment
Potions
 b - a potion of curing
 h - a potion of flight {unknown}
 k - a potion of degeneration
 n - a potion of cancellation {unknown}
 z - 2 potions of haste {unknown}


   Skills:
 * Level 2.4 Fighting
 + Level 3.1(3.4) Axes
 + Level 1.8(2.7) Maces & Flails
 + Level 1.8 Throwing
 * Level 2.5 Armour
 + Level 3.2 Dodging
 + Level 1.0 Stealth
 + Level 0.1 Shields


You had 4 spell levels left.
You didn't know any spells.
Your spell library contained the following spells:

 Spells                   Type           Power      Damage    Failure   Level
 Ensorcelled Hibernation  Hex/Ice        0%         N/A       63%         2
 Passwall                 Tmut/Erth      0%         N/A       63%         2
 Swiftness                Air            0%         N/A       86%         3


Dungeon Overview and Level Annotations

Branches:
Dungeon (4/15)
 Temple: D:4-7

Altars:
Vehumet

Annotations:
D:4 Sigmund


Innate Abilities, Weirdness & Mutations

A meltable shield of frost defends you. (SH +4)


Message History

It was a potion of curing.
You feel better.
Your surroundings suddenly seem different.
Found 2 emerald potions.
You see here 2 emerald potions.
z - 2 emerald potions A hobgoblin comes into view.
The hobgoblin hits you but does no damage.
You closely miss the hobgoblin. The hobgoblin barely misses you. x2
You hit the hobgoblin.
You kill the hobgoblin!
An iguana comes into view.
The iguana hisses angrily.
You closely miss the iguana. The iguana closely misses you.
You hit the iguana.
The iguana is lightly wounded.
The iguana misses you.
You barely miss the iguana. Your punch misses the iguana.
The iguana is lightly wounded.
You block the iguana's attack.
You hit the iguana but do no damage.
The iguana is lightly wounded.
The iguana bites you! x2
You closely miss the iguana.
The iguana is lightly wounded.
The iguana bites you.
You closely miss the iguana.
The iguana is lightly wounded.
The iguana bites you!
* * * LOW HITPOINT WARNING * * *
You hit the iguana but do no damage.
The iguana is lightly wounded.
The iguana barely misses you.
You barely miss the iguana.
The iguana is lightly wounded.
The iguana barely misses you.
It was a potion of degeneration.
There was something very wrong with that liquid.
You feel weakened.
You feel dopey.
You feel clumsy. The iguana bites you!
You die...

#..#####.......#
####..#
####....#
...[.## #....#
.....# ##...#
.....##...
#...##
.....#...?
#....#
.....#...#
##...#
..†..#...# #...#
.....#..{# #@..#
.....#...# #l..#
.....#...# #...#
.....#..!# #...#
###..#...# #...#
#..#...# #...#
###..#...##
#...#
#....#....#
....#
..#.###...#


You could see an iguana.

Vanquished Creatures
  A hound (D:4)
  Ijyb (D:4)
  An adder (D:2)
  4 gnolls (D:3)
  A shadow imp (D:3)
  A worm (D:2)
  2 dart slugs
  2 orcs (D:3)
  4 ball pythons
  3 endoplasms
  6 giant cockroaches
  2 goblins
  7 hobgoblins
  2 jackals (D:1)
  4 quokkas
  3 bats
  A frilled lizard (D:1)
  4 kobolds (D:1)
  8 rats
57 creatures vanquished.

Notes
Turn   | Place    | Note
-------+----------+-------------------------------------------
     0 | D:1      | gelatine the Demonspawn Gladiator began the quest for the
                  | Orb.
     0 | D:1      | Reached XP level 1. HP: 16/16 MP: 1/1
   206 | D:1      | Gained mutation: A meltable shield of frost defends you.
                  | (SH +4) [demonic ancestry]
   206 | D:1      | Reached XP level 2. HP: 13/22 MP: 2/2
   591 | D:1      | Found a faded altar of an unknown god.
   861 | D:1      | Reached XP level 3. HP: 24/27 MP: 3/3
  1224 | D:2      | Identified the +1 leather armour "Jizunat" {Will++ rCorr}
  1652 | D:2      | Reached skill level 1 in Armour
  2401 | D:3      | Reached XP level 4. HP: 33/33 MP: 4/4
  2504 | D:3      | Reached skill level 1 in Maces & Flails
  3018 | D:4      | Noticed Ijyb
  3030 | D:4      | Killed Ijyb
  3031 | D:4      | Reached XP level 5. HP: 23/39 MP: 5/5
  3047 | D:4      | Reached skill level 1 in Stealth
  3254 | D:4      | Found a radiant altar of Vehumet.
  3298 | D:4      | Noticed Sigmund
  3397 | D:4      | Slain by an iguana

Illustrated notes

Levels and vault maps discovered:
D:1:      psy_arrival_conway, layout_loops_corners,
          ebering_ecumenical_altar_abandoned
D:2:      layout_basic
D:3:      layout_basic
D:4:      kennysheep_spiral_hall, layout_basic, fiery_altar_vehumet,
          gammafunk_ghost_necromancy, kennysheep_decorative_pillar,
          uniq_crazy_yiuf_cottage, uniq_ijyb, uniq_sigmund

Skill      XL: |  1  2  3  4  5 |
---------------+----------------+-----
Dodging        | 3 |  3.2
Axes           | 3 |  3.1
Armour         | 1 2 |  2.5
Maces & Flails | 1 |  1.8
Stealth        | 1 |  1.0
Fighting       | |  2.4
Throwing       | |  1.8
Shields        | |  0.1

Action                   |  1- 3 |  4- 6 || total
-------------------------+-------+-------++-------
Melee: War axe           |    30 |       ||    30
       Mace              |    97 |    37 ||   134
       Punch             |     2 |       ||     2
       Club              |       |    20 ||    20
Throw: Throwing net      |       |     3 ||     3
  Use: Scroll            |       |     3 ||     3
       Potion            |       |     2 ||     2
 Stab: Sleeping          |     3 |     1 ||     4
       Held in net/web   |       |     1 ||     1
Armor: Leather armour    |    37 |    21 ||    58
       Ring mail         |     7 |       ||     7
Dodge: Dodged            |    71 |    30 ||   101
Block: Other             |    12 |    11 ||    23

Table legend: (Time is in decaauts)
 A = Elapsed time spent in this place.
 B = Non-inter-level travel time spent in this place.
 C = Inter-level travel time spent in this place.
 D = Time resting spent in this place.
 E = Time spent auto-exploring this place.
 F = Levels seen in this place.
 G = Mean time per level.
                   A        B        C        D        E       F      G
               +--------+--------+--------+--------+--------+-----+--------+
         Total |   3453 |   3381 |     72 |    300 |   2491 |   4 |  863.2 |
       Dungeon |   3453 |   3381 |     72 |    300 |   2491 |   4 |  863.2 |
               +--------+--------+--------+--------+--------+-----+--------+

Top non-repeatable levels by time:
     D:1: 1218 daAuts
     D:3: 941 daAuts
     D:2: 795 daAuts
     D:4: 499 daAuts
